 Dungeon Crawl Stone Soup version 0.14-a0-3278-gb24e923 (webtiles) character file.

15681 Froboctopus the Reanimator (level 11, -3/86 HPs)
             Began as a Lava Orc Monk on Mar 13, 2014.
             Was a High Priest of Kikubaaqudgha.
             Slain by a death yak (10 damage)
             ... on Level 4 of the Lair of Beasts.
             The game lasted 00:50:38 (14271 turns).

Froboctopus the Reanimator (Lava Orc Monk)         Turns: 14271, Time: 00:50:38

HP  -3/86        AC 10     Str 17      XL: 11   Next: 99%
MP  17/26        EV 17     Int 10 (11) God: Kikubaaqudgha [*****.]
Gold 446         SH  0     Dex 13      Spells:  4 memorised,  3 levels left

rFire  + + +     SeeInvis .       - Unarmed
rCold  x . .     Clarity  .     n - +1 troll leather armour
rNeg   + . .     Conserve .     (no shield)
rPois  .         rCorr    .     a - +0 helmet
rElec  .         rRot     .     (no cloak)
SustAb . .       Spirit   .     i - -1 pair of gloves
rMut   .         Warding  +     d - +2 pair of boots
Saprov + . .     Stasis   .     E - amulet of warding {unknown}
MR     .....                    p - ring of magical power
                                q - +1 ring of evasion

@: recuperating (expiring), diseased, not resistant to hostile enchantments,
fairly stealthy
A: conserve scrolls, saprovore 1
a: Receive Corpses, Torment, Renounce Religion


You were on level 4 of the Lair of Beasts.
You worshipped Kikubaaqudgha.
Kikubaaqudgha was extremely pleased with you.
You were very hungry.

You visited 2 branches of the dungeon, and saw 12 of its levels.

You collected 446 gold pieces.

Inventory:

Armour
 a - a +0 helmet (worn)
 d - a +2 pair of boots (worn)
 i - a -1 pair of gloves (worn)
 n - a +1 troll leather armour (worn)
Magical devices
 e - a wand of polymorph (20)
 D - a wand of magic darts (18)
Comestibles
 b - 3 meat rations
 f - 5 bread rations
 l - 2 apples
 s - a rambutan
 t - a banana
Scrolls
 j - 4 scrolls of remove curse
 y - 3 scrolls of fog
 C - 2 scrolls of teleportation
Jewellery
 p - a ring of magical power (right hand)
 q - a +1 ring of evasion (left hand)
 E - an amulet of warding (around neck) {unknown}
Potions
 c - a potion of resistance
 g - a potion of magic
 h - a potion of beneficial mutation {unknown}
 k - a potion of poison {unknown}
 u - 2 potions of curing
 w - a potion of haste
 x - a potion of restore abilities
 B - a potion of brilliance
Books
 m - Kikubaaqudgha's Compendium of Dark Secrets
   (Kikubaaqudgha gifted it to you on level 4 of the Dungeon)

   Spells                             Type                      Level
   Bolt of Draining                   Conjuration/Necromancy       5
   Agony                              Necromancy                   5
   Dispel Undead                      Necromancy                   5
   *Twisted Resurrection              Necromancy                   5
   Simulacrum                         Ice/Necromancy               6
 r - Kikubaaqudgha's Catalogue of Unholy Rites
   (Kikubaaqudgha gifted it to you on level 2 of the Dungeon)

   Spells                             Type                      Level
   *Pain                              Necromancy                   1
   *Corpse Rot                        Necromancy                   2
   Sublimation of Blood               Necromancy                   2
   *Regeneration                      Charms/Necromancy            3
   Control Undead                     Necromancy                   4
 H - a book of Hinderance

   Spells                             Type                      Level
   Confusing Touch                    Hexes                        1
   Slow                               Hexes                        2
   Confuse                            Hexes                        3
   Petrify                            Transmutation/Earth          4
   Leda's Liquefaction                Hexes/Earth                  4
   Metabolic Englaciation             Hexes/Ice                    5
Magical staves
 v - an uncursed staff of energy


   Skills:
 - Level 5.0 Fighting
 - Level 5.0 Armour
 * Level 9.6 Dodging
 - Level 1.5 Stealth
 + Level 11.0 Unarmed Combat
 - Level 2.0 Spellcasting
 * Level 11.5 Necromancy


You had 3 spell levels left.
You knew the following spells:

 Your Spells              Type           Power        Failure   Level  Hunger
a - Pain                  Necr           ###.         1%          1    ##.....
b - Corpse Rot            Necr           N/A          1%          2    ###....
c - Regeneration          Chrm/Necr      ##........   12%         3    ####...
d - Twisted Resurrection  Necr           ###.......   10%         5    ######.


Dungeon Overview and Level Annotations

Branches:
Dungeon (8/15)             Temple (0/1) D:5            Lair (4/8) D:8
 Shoals (0/5) Lair:4
  Swamp: Lair:3-6     Snake: Lair:3-6    Spider: Lair:3-6

Altars:
Cheibriados
Elyvilon
Fedhas
Kikubaaqudgha
Makhleb
Sif Muna
Vehumet
Xom

Portals:
Ice
Cave: Lair:1

Annotations:
Lair:4 Fannar


Innate Abilities, Weirdness & Mutations

You have stony skin.
Your flesh is almost immune to the effects of heat.
Your fire spells are more powerful.
Your flesh is vulnerable to cold.
Your heat harms attackers.
You bathe your surroundings in blazing heat.
You are too hot to use scrolls.
You are very good at protecting items from fire.
You can tolerate rotten meat.


Message History

Okay, then.
Read which item? (? for menu, Esc to quit)
Okay, then.
Evoke which item? (* to show all) (? for menu, Esc to quit)
Okay, then.
A quokka comes into view.
Casting: Twisted Resurrection
Confirm with . or Enter, or press ? or * to list all spells.
Your skin crawls.
The quokka barely misses you.
Fannar comes into view.
He is wielding a staff of cold.
A griffon comes into view.
Your skin is crawling a little less now.
The griffon screeches!
The quokka is burned by your radiant heat.
The quokka is lightly wounded.
The quokka barely misses you. The death yak gores you!
You die...
Kikubaaqudgha rasps: "You have failed me!
Welcome... death!"

,,,.....?.......♣♣♣♣♣..,........P
,,,.............♣♣♣*♣.,,,.......P
,,,.............♣♣♣♣♣.,,,,......P
,,,..............♣♣♣...,,,,,,...,
,,,........j............,,,,,,,,,
,,,e....................,,,,,,,,,
,,,,...........l........,,,,,,,,,
,,,,...........Y.........,,,,,,,,
,,,,..........rH@........,,,,,,,,
,,,,,....................,,,,,,,,
,,,,,,..................,,,,,,,,,
,,,,,,,.................,,,,,,,,,
,,,,,,,,................,,,,,,,,,
,,,,,,,,,..............,,,,,,,,,,
,,,,,,,,,,............,,,,,,,,,,,
,,,,,,,,,,,..........,,,,,,,,,,,,
,,,,,,,,,,,,,,....,,,,,,,,,,,,,,,


You could see a death yak, a griffon, a giant slug, a komodo dragon and a
quokka.

Vanquished Creatures
  A hydra (Lair:2)
  2 death yaks (Lair:4)
  Joseph (D:7)
  3 black mambas
  A troll (D:7)
  A komodo dragon (Lair:1)
  2 slime creatures (D:8)
  6 yaks
  A necrophage (D:6)
  A water moccasin (Lair:1)
  2 orc warriors (D:6)
  A porcupine (Lair:3)
  4 ice beasts
  2 phantoms (D:6)
  A sky beast (D:5)
  3 ogres
  2 crocodiles
  Sigmund (D:2)
  A centaur (Lair:4)
  A giant slug (Lair:3)
  9 giant frogs
  4 scorpions
  8 killer bees
  A wight (D:8)
  6 crimson imps
  3 iguanas
  4 hounds
  2 orc priests
  A giant frog zombie (D:6)
  2 jellies
  7 orc wizards
  5 worker ants
  An ogre skeleton (D:7)
  4 gnolls (D:7)
  A worker ant zombie (D:7)
  18 adders
  6 green rats
  6 worms
  3 giant eyeballs
  6 giant geckos
  2 oozes (D:1)
  28 orcs
  3 ball pythons
  27 bats
  18 hobgoblins
  17 jackals
  21 kobolds
  6 quokkas
  6 giant cockroaches
  4 giant newts
  9 goblins
  A hobgoblin skeleton (D:4)
  35 rats
  2 ballistomycetes (D:8)
  A plant (Lair:4)
314 creatures vanquished.

Vanquished Creatures (collateral kills)
  A death yak (Lair:4)
  A griffon (Lair:3)
  5 spiny frogs
  A feature mimic (Lair:1)
  2 komodo dragons
  Prince Ribbit (Lair:2)
  10 blink frogs
  2 slime creatures (D:8)
  9 yaks
  A deep elf fighter (D:8)
  7 wolves (Lair:4)
  3 water moccasins
  4 porcupines
  A black bear (D:8)
  7 ice beasts (Lair:1)
  3 centaurs (Lair:4)
  3 crocodiles
  3 giant frogs
  A giant slug (Lair:1)
  A scorpion (Lair:3)
  4 wights (D:8)
  2 hounds
  2 iguanas
  5 orc wizards (D:8)
  2 adders (Lair:1)
  11 green rats
  A worm (Lair:2)
  2 giant geckos
  3 orcs (D:8)
  4 bats
  6 jackals
  2 rats
  3 ballistomycetes (D:8)
113 creatures vanquished.

Vanquished Creatures (others)
  2 large abominations (Lair:4)
  A small abomination (Lair:4)
  A water moccasin (D:8)
  A crimson imp (D:8)
  A quokka (D:7)
  A giant spore (D:8)
  A crawling corpse (Lair:4)
8 creatures vanquished.

Grand Total: 435 creatures vanquished

Notes
Turn   | Place    | Note
--------------------------------------------------------------
     0 | D:1      | Froboctopus, the Lava Orc Monk, began the quest for the Orb.
     0 | D:1      | Reached XP level 1. HP: 19/19 MP: 1/1
   351 | D:1      | Reached XP level 2. HP: 26/26 MP: 2/2
   373 | D:1      | Reached skill level 1 in Armour
   840 | D:1      | Reached XP level 3. HP: 20/31 MP: 3/3
   845 | D:1      | Reached skill level 5 in Unarmed Combat
  1750 | D:2      | Reached XP level 4. HP: 39/39 MP: 4/4
  1837 | D:2      | Noticed Sigmund
  2437 | D:2      | Killed Sigmund
  2437 | D:2      | Reached skill level 1 in Spellcasting
  2437 | D:2      | Reached XP level 5. HP: 24/45 MP: 4/7
  2556 | D:2      | Found a deep blue altar of Sif Muna.
  2559 | D:2      | Found a radiant altar of Vehumet.
  2559 | D:2      | Found an ancient bone altar of Kikubaaqudgha.
  2584 | D:2      | Identified Kikubaaqudgha's Reference Book on Black Rites
  2586 | D:2      | Became a worshipper of Kikubaaqudgha
  2586 | D:2      | Acquired Kikubaaqudgha's first power
  2586 | D:2      | Received a gift from Kikubaaqudgha
  2586 | D:2      | Acquired Kikubaaqudgha's second power
  2587 | D:2      | Identified Kikubaaqudgha's Catalogue of Unholy Rites (Kikubaaqudgha gifted it to you on level 2 of the Dungeon)
  2596 | D:2      | Identified Sif Muna's Guide on Dark Magic
  2604 | D:2      | Identified Vehumet's Volume of Attacks
  2648 | D:2      | Learned a level 1 spell: Pain
  2686 | D:3      | Reached skill level 6 in Unarmed Combat
  2786 | D:3      | Learned a level 2 spell: Corpse Rot
  2920 | D:3      | Reached XP level 6. HP: 44/51 MP: 9/9
  3875 | D:3      | Found a blossoming altar of Fedhas.
  3877 | D:3      | Found a burning altar of Makhleb.
  3887 | D:3      | Found a snail-covered altar of Cheibriados.
  3988 | D:4      | Reached skill level 5 in Armour
  3988 | D:4      | Reached XP level 7. HP: 36/57 MP: 12/12
  4028 | D:4      | Received a gift from Kikubaaqudgha
  4034 | D:4      | Identified Kikubaaqudgha's Compendium of Dark Secrets (Kikubaaqudgha gifted it to you on level 4 of the Dungeon)
  4112 | D:4      | Found a shimmering altar of Xom.
  4137 | D:4      | Reached skill level 1 in Necromancy
  4241 | D:4      | Reached skill level 7 in Unarmed Combat
  4471 | D:4      | Learned a level 3 spell: Regeneration
  4635 | D:4      | Paralysed by a giant eyeball for 2 turns
  4641 | D:4      | Paralysed by a giant eyeball for 4 turns
  5522 | D:5      | Entered Level 5 of the Dungeon
  5646 | D:5      | Reached XP level 8. HP: 55/67 MP: 13/13
  5998 | D:5      | Acquired Kikubaaqudgha's third power
  6001 | D:5      | Reached skill level 5 in Fighting
  6203 | D:5      | Found a staircase to the Ecumenical Temple.
  7398 | D:6      | Reached skill level 5 in Necromancy
  7431 | D:6      | Reached skill level 8 in Unarmed Combat
  7843 | D:6      | Reached XP level 9. HP: 58/74 MP: 14/14
  8280 | D:7      | Noticed Joseph
  8320 | D:7      | Killed Joseph
  8320 | D:7      | Reached skill level 5 in Dodging
  8593 | D:7      | Found a white marble altar of Elyvilon.
  8628 | D:7      | Paralysed by a giant eyeball for 4 turns
  8651 | D:7      | Paralysed by a giant eyeball for 4 turns
  9281 | D:7      | Learned a level 5 spell: Twisted Resurrection
  9500 | D:7      | Reached skill level 9 in Unarmed Combat
  9893 | D:8      | Reached XP level 10. HP: 75/81 MP: 4/16
 10037 | D:8      | Acquired Kikubaaqudgha's fourth power
 10068 | D:8      | HP: 2/81 [orc wizard/dagger of electrocution (18)]
 10073 | D:8      | HP: 2/81 [poisoned by an orc wizard]
 10093 | D:8      | Noticed a large abomination
 10286 | D:8      | Found a staircase to the Lair.
 10906 | Lair:1   | Entered Level 1 of the Lair of Beasts
 11008 | Lair:1   | Found a frozen archway.
 11528 | Lair:1   | Reached skill level 10 in Unarmed Combat
 11704 | Lair:2   | Noticed a black mamba
 11711 | Lair:2   | Killed a black mamba
 11929 | Lair:2   | Reached XP level 11. HP: 80/86 MP: 13/17
 12154 | Lair:2   | Reached skill level 10 in Necromancy
 12167 | Lair:2   | Noticed a six-headed hydra
 12177 | Lair:2   | Killed a six-headed hydra
 12262 | Lair:2   | Noticed a black mamba
 12270 | Lair:2   | Killed a black mamba
 12458 | Lair:2   | Noticed Prince Ribbit
 12497 | Lair:2   | Killed Prince Ribbit
 12967 | Lair:3   | HP: 3/86 [poisoned by a spiny frog]
 12972 | Lair:3   | HP: 4/86 [poisoned by a spiny frog]
 13503 | Lair:3   | Reached skill level 11 in Necromancy
 13717 | Lair:4   | Found a staircase to the Shoals.
 13979 | Lair:4   | Noticed a death yak
 13980 | Lair:4   | Noticed a death yak
 13980 | Lair:4   | Noticed a death yak
 13980 | Lair:4   | Noticed a death yak
 14018 | Lair:4   | a large abomination (ally) was killed
 14025 | Lair:4   | Killed a death yak
 14034 | Lair:4   | Killed a death yak
 14059 | Lair:4   | HP: 4/86 [death yak (9)]
 14200 | Lair:3   | Noticed a large abomination
 14251 | Lair:4   | Killed a death yak
 14256 | Lair:4   | a large abomination (ally) was killed
 14267 | Lair:4   | Noticed Fannar
 14271 | Lair:4   | Slain by a death yak

Action                   |  1- 3 |  4- 6 |  7- 9 | 10-12 || total
-------------------------+-------+-------+-------+-------++-------
Melee: Unarmed           |   131 |   238 |   577 |   465 ||  1411
 Cast: Pain              |       |     2 |    21 |     3 ||    26
       Corpse Rot        |       |       |     4 |     1 ||     5
       Regeneration      |       |       |     2 |    12 ||    14
       Twisted Resurrect |       |       |       |    26 ||    26
Invok: Receive Corpses   |       |       |     3 |     3 ||     6
Evoke: Wand              |       |       |     1 |     2 ||     3
  Use: Scroll            |       |     3 |    16 |     2 ||    21
       Potion            |       |       |     4 |     5 ||     9
 Stab: Sleeping          |     5 |     2 |     1 |     3 ||    11
       Distracted        |       |       |       |     4 ||     4
